[ AOE2 MATCH · #485713533 ]
UnrankedEthiopians vs Persians
[ REPLAY ANALYSIS · EXTRACTED FROM THE RECORDED GAME ]
Feudal
10:15
Castle
22:56
Imperial
40:52
| APM avg | 19.0 |
| APM peak | 35 |
| eAPM avg | 11.7 |
| Villagers / military | 87 / 111 |
Focus
⚔️ 37.1% · 🌾 62.9%
Archer ×49 · Skirmisher ×33 · Spearman ×26 · Mangonel ×2 · Trebuchet (Packed) ×1
Feudal
8:34
Castle
19:06
Imperial
39:39
| APM avg | 32.3 |
| APM peak | 81 |
| eAPM avg | 20.2 |
| Villagers / military | 153 / 175 |
Focus
⚔️ 38.0% · 🌾 62.0%
Knight ×105 · Camel Scout ×35 · Scout Cavalry ×29 · Spearman ×3 · Battering Ram ×2 · Mangonel ×1
Feudal
12:44
Castle
16:21
Imperial
37:45
| APM avg | 18.0 |
| APM peak | 52 |
| eAPM avg | 12.4 |
| Villagers / military | 116 / 104 |
Focus
⚔️ 34.4% · 🌾 65.6%
Boyar ×52 · Knight ×29 · Spearman ×21 · Monk ×2
Feudal
10:01
Castle
20:54
Imperial
39:58
| APM avg | 49.0 |
| APM peak | 78 |
| eAPM avg | 25.4 |
| Villagers / military | 130 / 155 |
Focus
⚔️ 31.1% · 🌾 68.9%
Archer ×147 · Mangonel ×4 · Trebuchet (Packed) ×3 · Monk ×1
Feudal
9:01
Castle
21:49
Imperial
38:02
| APM avg | 38.9 |
| APM peak | 81 |
| eAPM avg | 21.2 |
| Villagers / military | 154 / 194 |
Focus
⚔️ 44.2% · 🌾 55.8%
Archer ×163 · Spearman ×20 · Unknown (1942) ×15 · Unknown (1959) ×12 · Militia ×3 · Mangonel ×3
Feudal
9:18
Castle
26:30
Imperial
—
| APM avg | 42.8 |
| APM peak | 81 |
| eAPM avg | 20.1 |
| Villagers / military | 108 / 91 |
Focus
⚔️ 26.5% · 🌾 73.5%
Archer ×53 · Skirmisher ×26 · Mangonel ×7 · Shotel Warrior ×4 · Monk ×1
Match map
Initial resources + every placement click. Lines = walls · curves = elevation contours. ◆ gold · ⬟ stone · ● berries · ✦ relic · ◌ wall gap
Your base· ✓ Closed at 22:56 · 34t walls · 2 gate(s)
LMG_Leonardo's base· ✓ Closed at 19:06 · 54t walls · no gate
Relief's base· ✓ Closed at 16:21 · 40t walls · 1 gate(s)
LMG_HERA DE TEMU's base· ✓ Closed at 20:54 · 25t walls · 2 gate(s)
Quando's base· ✓ Closed at 21:49 · 38t walls · no gate
LMG_SON SABANDIJAS's base· ✓ Closed at 26:30 · 60t walls · no gate
Smoothed initial terrain · ◌ = detected wall gap · hover for details
Inputs per minute
— PJtheDcoy - - LMG_Leonardo
Build order — PJtheDcoy
First 150 of 275 actions detected
| 0:00 | Queue | Villager (Male) |
| 0:01 | Queue | Villager (Male) |
| 0:01 | Queue | Villager (Male) |
| 0:01 | Queue | Villager (Male) |
| 0:02 | Build | House |
| 0:04 | Build | House |
| 1:26 | Queue | Villager (Male) |
| 1:59 | Build | Lumber Camp |
| 2:01 | Queue | Villager (Male) |
| 2:18 | Queue | Villager (Male) |
| 2:49 | Queue | Villager (Male) |
| 3:05 | Queue | Villager (Male) |
| 3:38 | Queue | Villager (Male) |
| 3:59 | Queue | Villager (Male) |
| 4:23 | Queue | Villager (Male) |
| 4:41 | Research | Loom |
| 4:45 | Build | House |
| 5:01 | Queue | Villager (Male) |
| 5:35 | Build | Mill |
| 5:35 | Queue | Villager (Male) |
| 5:35 | Queue | Villager (Male) |
| 5:58 | Build | House |
| 5:59 | Build | House |
| 6:06 | Queue | Villager (Male) |
| 6:38 | Queue | Villager (Male) |
| 7:15 | Build | Mining Camp |
| 7:28 | Build | Palisade Gate |
| 7:31 | Build | Palisade Wall |
| 7:34 | Queue | Villager (Male) |
| 8:05 | Research | Feudal Age |
| 8:13 | Build | House |
| 8:52 | Build | Palisade Wall |
| 8:54 | Build | Palisade Wall |
| 8:57 | Queue | Villager (Male) |
| 8:57 | Queue | Villager (Male) |
| 9:04 | Build | Barracks |
| 9:39 | Build | House |
| 10:15 | Age | Feudal Age |
| 10:27 | Build | Archery Range |
| 10:32 | Queue | Villager (Male) |
| 10:34 | Research | Double-Bit Axe |
| 10:42 | Build | Palisade Wall |
| 11:06 | Build | Palisade Wall |
| 11:13 | Queue | Villager (Male) |
| 11:13 | Queue | Villager (Male) |
| 11:21 | Build | Palisade Gate |
| 11:23 | Build | Palisade Wall |
| 11:28 | Queue | Archer |
| 11:28 | Queue | Archer |
| 11:45 | Build | Palisade Wall |
| 12:00 | Queue | Villager (Male) |
| 12:00 | Queue | Villager (Male) |
| 12:23 | Queue | Villager (Male) |
| 12:26 | Research | Horse Collar |
| 12:28 | Build | Farm |
| 12:32 | Queue | Archer |
| 12:41 | Build | Blacksmith |
| 13:15 | Queue | Villager (Male) |
| 13:15 | Queue | Villager (Male) |
| 13:29 | Queue | Skirmisher |
| 13:59 | Build | Archery Range |
| 14:04 | Build | Farm |
| 14:06 | Queue | Villager (Male) |
| 14:06 | Queue | Villager (Male) |
| 14:13 | Build | Farm |
| 14:17 | Queue | Archer |
| 14:17 | Queue | Archer |
| 14:54 | Queue | Archer |
| 14:56 | Queue | Archer |
| 14:56 | Queue | Archer |
| 15:14 | Build | Farm |
| 15:14 | Queue | Villager (Male) |
| 15:15 | Queue | Villager (Male) |
| 15:18 | Build | Farm |
| 15:44 | Build | House |
| 15:47 | Build | Farm |
| 15:49 | Build | Farm |
| 15:50 | Queue | Villager (Male) |
| 15:50 | Queue | Villager (Male) |
| 15:52 | Queue | Archer |
| 15:53 | Queue | Archer |
| 16:06 | Build | Farm |
| 16:06 | Build | Farm |
| 16:06 | Build | Farm |
| 16:07 | Build | Farm |
| 16:07 | Build | Farm |
| 16:10 | Build | Farm |
| 16:26 | Build | Farm |
| 16:34 | Build | Farm |
| 16:47 | Research | Wheelbarrow |
| 16:57 | Build | Farm |
| 17:00 | Queue | Archer |
| 17:15 | Build | Farm |
| 17:22 | Queue | Archer |
| 17:45 | Build | Farm |
| 17:55 | Queue | Villager (Male) |
| 17:56 | Queue | Villager (Male) |
| 18:00 | Build | Mining Camp |
| 18:10 | Queue | Archer |
| 18:10 | Queue | Archer |
| 18:19 | Build | House |
| 18:30 | Queue | Archer |
| 18:31 | Queue | Archer |
| 18:36 | Research | Fletching |
| 18:36 | Research | Padded Archer Armor |
| 19:03 | Queue | Skirmisher |
| 19:04 | Queue | Skirmisher |
| 19:49 | Queue | Archer |
| 19:49 | Queue | Archer |
| 19:49 | Queue | Archer |
| 19:50 | Queue | Archer |
| 20:16 | Research | Castle Age |
| 21:09 | Queue | Spearman |
| 21:10 | Queue | Spearman |
| 21:10 | Queue | Spearman |
| 21:10 | Queue | Spearman |
| 21:11 | Queue | Archer |
| 21:12 | Queue | Archer |
| 21:59 | Queue | Archer |
| 21:59 | Queue | Archer |
| 22:50 | Build | Mining Camp |
| 22:56 | Age | Castle Age |
| 23:10 | Research | Crossbowman (upgrade) |
| 23:24 | Build | Palisade Wall |
| 24:07 | Build | Lumber Camp |
| 24:28 | Queue | Villager (Male) ×5 |
| 24:29 | Queue | Villager (Male) |
| 24:44 | Build | Palisade Wall |
| 24:49 | Queue | Spearman |
| 24:49 | Queue | Spearman |
| 25:16 | Queue | Spearman |
| 25:19 | Research | Squires |
| 25:54 | Build | Gate |
| 25:58 | Queue | Spearman |
| 25:58 | Queue | Spearman |
| 26:02 | Queue | Archer |
| 26:02 | Queue | Archer |
| 26:02 | Queue | Archer |
| 26:03 | Queue | Archer |
| 26:12 | Build | House |
| 26:13 | Build | House |
| 26:17 | Build | House |
| 26:18 | Build | House |
| 26:22 | Research | Gold Mining |
| 26:22 | Research | Stone Mining |
| 26:27 | Queue | Villager (Male) |
| 26:28 | Queue | Villager (Male) |
| 26:40 | Build | Town Center |
| 26:56 | Queue | Spearman |
| 27:06 | Research | Bow Saw |
Build order — LMG_Leonardo
First 150 of 524 actions detected
| 0:01 | Queue | Villager (Male) |
| 0:01 | Queue | Villager (Male) |
| 0:01 | Queue | Villager (Male) |
| 0:01 | Queue | Villager (Male) |
| 0:02 | Build | House |
| 0:04 | Build | House |
| 1:11 | Queue | Villager (Male) |
| 1:36 | Queue | Villager (Male) |
| 1:36 | Queue | Villager (Male) |
| 2:05 | Queue | Villager (Male) |
| 2:06 | Queue | Villager (Male) |
| 2:22 | Queue | Villager (Male) |
| 2:24 | Build | Lumber Camp |
| 2:40 | Queue | Villager (Male) |
| 3:10 | Queue | Villager (Male) |
| 3:25 | Queue | Villager (Male) |
| 3:25 | Queue | Villager (Male) |
| 3:29 | Build | House |
| 3:58 | Build | House |
| 4:31 | Queue | Villager (Male) |
| 4:31 | Queue | Villager (Male) |
| 4:42 | Build | Mill |
| 4:58 | Queue | Villager (Male) |
| 4:59 | Research | Loom |
| 5:39 | Queue | Villager (Male) |
| 5:40 | Research | Loom |
| 6:29 | Research | Feudal Age |
| 6:50 | Build | Barracks |
| 7:42 | Build | House |
| 8:04 | Build | House |
| 8:17 | Queue | Villager (Male) |
| 8:17 | Queue | Villager (Male) |
| 8:34 | Age | Feudal Age |
| 8:38 | Build | Stable |
| 8:45 | Research | Double-Bit Axe |
| 9:03 | Build | House |
| 9:05 | Build | House |
| 9:06 | Build | Palisade Wall |
| 9:10 | Queue | Villager (Male) |
| 9:28 | Queue | Villager (Male) |
| 9:29 | Queue | Scout Cavalry |
| 9:30 | Queue | Scout Cavalry |
| 9:30 | Queue | Scout Cavalry |
| 9:39 | Build | Palisade Wall |
| 9:48 | Queue | Villager (Male) |
| 9:54 | Build | House |
| 9:58 | Build | Palisade Wall |
| 10:00 | Build | Palisade Wall |
| 10:06 | Build | Palisade Wall |
| 10:15 | Build | Palisade Wall |
| 10:17 | Build | Palisade Wall |
| 10:19 | Queue | Villager (Male) |
| 10:21 | Queue | Scout Cavalry |
| 10:39 | Queue | Villager (Male) |
| 11:00 | Build | Farm |
| 11:02 | Queue | Villager (Male) |
| 11:06 | Build | Farm |
| 11:07 | Build | Farm |
| 11:11 | Build | Farm |
| 11:12 | Build | Farm |
| 11:14 | Queue | Scout Cavalry |
| 11:23 | Build | Farm |
| 11:38 | Build | Farm |
| 11:40 | Queue | Villager (Male) |
| 11:57 | Queue | Villager (Male) |
| 12:03 | Build | Farm |
| 12:11 | Build | Farm |
| 12:23 | Queue | Villager (Male) |
| 12:23 | Queue | Villager (Male) |
| 12:25 | Queue | Villager (Male) |
| 12:45 | Build | Farm |
| 12:53 | Queue | Villager (Male) |
| 12:53 | Queue | Villager (Male) |
| 13:08 | Research | Horse Collar |
| 13:22 | Build | House |
| 13:32 | Queue | Villager (Male) |
| 13:32 | Queue | Villager (Male) |
| 13:39 | Build | Mining Camp |
| 13:47 | Queue | Villager (Male) |
| 14:01 | Build | Farm |
| 14:02 | Build | Farm |
| 14:20 | Queue | Villager (Male) |
| 14:20 | Queue | Villager (Male) |
| 15:02 | Build | Blacksmith |
| 15:19 | Queue | Villager (Male) |
| 15:49 | Build | Lumber Camp |
| 15:51 | Queue | Villager (Male) |
| 16:14 | Build | Farm |
| 16:18 | Queue | Villager (Male) |
| 16:38 | Research | Castle Age |
| 16:44 | Build | Farm |
| 17:00 | Build | House |
| 17:02 | Build | House |
| 17:28 | Research | Scale Barding Armor |
| 17:41 | Build | Stable |
| 17:49 | Build | Farm |
| 17:59 | Build | Farm |
| 18:09 | Build | Farm |
| 18:19 | Build | Farm |
| 18:30 | Queue | Villager (Male) |
| 18:30 | Queue | Villager (Male) |
| 18:35 | Research | Bloodlines |
| 18:52 | Build | Farm |
| 18:53 | Build | Farm |
| 18:54 | Build | Farm |
| 19:06 | Age | Castle Age |
| 19:10 | Queue | Camel Scout |
| 19:11 | Queue | Camel Scout |
| 19:11 | Queue | Camel Scout |
| 19:11 | Queue | Camel Scout |
| 19:11 | Queue | Camel Scout |
| 19:33 | Queue | Villager (Male) |
| 19:35 | Queue | Camel Scout |
| 19:36 | Queue | Camel Scout |
| 19:36 | Queue | Camel Scout |
| 19:58 | Research | Forging |
| 20:34 | Queue | Camel Scout |
| 20:35 | Queue | Camel Scout |
| 20:35 | Queue | Camel Scout |
| 20:35 | Queue | Camel Scout |
| 20:57 | Queue | Villager (Male) |
| 20:58 | Queue | Villager (Male) |
| 20:58 | Queue | Villager (Male) |
| 21:09 | Queue | Villager (Male) |
| 21:29 | Queue | Camel Scout |
| 21:29 | Queue | Camel Scout |
| 21:30 | Queue | Camel Scout |
| 21:30 | Queue | Camel Scout |
| 21:37 | Build | Siege Workshop |
| 21:53 | Build | Town Center |
| 21:56 | Queue | Villager (Male) |
| 21:59 | Research | Bow Saw |
| 22:34 | Build | House |
| 22:35 | Build | House |
| 22:37 | Queue | Villager (Male) |
| 22:37 | Queue | Villager (Male) |
| 22:39 | Queue | Camel Scout |
| 22:39 | Queue | Camel Scout |
| 22:39 | Queue | Camel Scout |
| 22:39 | Queue | Camel Scout |
| 22:48 | Queue | Spearman |
| 22:49 | Queue | Spearman |
| 22:53 | Queue | Spearman |
| 23:08 | Build | Farm |
| 23:08 | Build | Farm |
| 23:12 | Build | House |
| 23:17 | Build | House |
| 23:18 | Build | House |
| 23:20 | Build | House |
| 23:24 | Queue | Villager (Male) |
Build order — Relief
First 150 of 378 actions detected
| 0:00 | Queue | Villager (Male) |
| 0:01 | Queue | Villager (Male) |
| 0:03 | Build | House |
| 0:05 | Build | House |
| 0:22 | Queue | Villager (Male) |
| 0:22 | Queue | Villager (Male) |
| 1:30 | Queue | Villager (Male) |
| 1:51 | Build | Lumber Camp |
| 2:02 | Queue | Villager (Male) |
| 2:15 | Queue | Villager (Male) |
| 2:53 | Queue | Villager (Male) |
| 3:13 | Queue | Villager (Male) |
| 3:35 | Queue | Villager (Male) |
| 3:50 | Build | House |
| 3:51 | Build | House |
| 4:16 | Build | Mill |
| 4:17 | Queue | Villager (Male) |
| 4:38 | Queue | Villager (Male) |
| 4:49 | Build | Palisade Wall |
| 4:59 | Queue | Villager (Male) |
| 5:33 | Queue | Villager (Male) |
| 5:44 | Build | Palisade Wall |
| 5:55 | Queue | Villager (Male) |
| 6:16 | Queue | Villager (Male) |
| 6:16 | Queue | Villager (Male) |
| 6:42 | Queue | Villager (Male) |
| 7:00 | Build | Farm |
| 7:10 | Build | Farm |
| 7:26 | Queue | Villager (Male) |
| 7:29 | Build | Lumber Camp |
| 7:45 | Build | Palisade Gate |
| 7:47 | Queue | Villager (Male) |
| 8:01 | Queue | Villager (Male) |
| 8:32 | Build | House |
| 8:35 | Research | Loom |
| 8:38 | Queue | Villager (Male) |
| 9:00 | Build | Palisade Wall |
| 9:13 | Queue | Villager (Male) |
| 9:14 | Queue | Villager (Male) |
| 9:49 | Build | Mining Camp |
| 9:54 | Research | Feudal Age |
| 10:12 | Build | Barracks |
| 10:23 | Build | Palisade Wall |
| 10:24 | Build | Palisade Wall |
| 10:37 | Queue | Villager (Male) |
| 10:44 | Queue | Villager (Male) |
| 11:05 | Build | Farm |
| 11:08 | Build | Farm |
| 11:12 | Build | Farm |
| 11:15 | Build | Farm |
| 11:18 | Build | Farm |
| 11:31 | Build | Palisade Wall |
| 11:48 | Build | Farm |
| 12:44 | Age | Feudal Age |
| 12:47 | Build | Stable |
| 12:55 | Build | Blacksmith |
| 12:59 | Build | House |
| 13:15 | Build | Palisade Wall |
| 13:41 | Research | Castle Age |
| 14:12 | Build | Stable |
| 14:14 | Research | Double-Bit Axe |
| 14:36 | Research | Horse Collar |
| 15:34 | Build | Farm |
| 15:57 | Queue | Villager (Male) |
| 16:00 | Research | Bloodlines |
| 16:01 | Research | Scale Barding Armor |
| 16:10 | Build | Farm |
| 16:21 | Age | Castle Age |
| 16:23 | Queue | Knight |
| 16:24 | Queue | Knight |
| 16:33 | Queue | Villager (Male) |
| 16:50 | Build | Farm |
| 16:55 | Queue | Knight |
| 17:15 | Queue | Villager (Male) |
| 17:34 | Build | Town Center |
| 17:39 | Queue | Villager (Male) |
| 17:49 | Queue | Villager (Male) |
| 18:02 | Queue | Knight |
| 18:10 | Queue | Villager (Male) |
| 18:21 | Build | House |
| 18:23 | Build | House |
| 18:30 | Queue | Knight |
| 18:37 | Build | Farm |
| 18:50 | Queue | Villager (Male) |
| 19:10 | Build | Farm |
| 19:13 | Build | Farm |
| 19:15 | Build | Farm |
| 19:19 | Build | Farm |
| 19:20 | Queue | Villager (Male) |
| 19:22 | Queue | Knight |
| 19:32 | Queue | Villager (Male) |
| 19:39 | Build | House |
| 19:44 | Queue | Villager (Male) |
| 19:45 | Queue | Villager (Male) |
| 19:51 | Build | Farm |
| 20:03 | Queue | Villager (Male) |
| 20:08 | Queue | Knight |
| 20:39 | Queue | Villager (Male) |
| 20:39 | Queue | Villager (Male) |
| 20:42 | Build | Farm |
| 20:44 | Build | Farm |
| 20:47 | Build | House |
| 21:41 | Queue | Villager (Male) |
| 21:41 | Queue | Villager (Male) |
| 21:45 | Build | Town Center |
| 21:56 | Queue | Villager (Male) |
| 21:56 | Queue | Villager (Male) |
| 21:56 | Queue | Villager (Male) |
| 21:58 | Queue | Knight |
| 21:58 | Queue | Knight |
| 21:59 | Research | Husbandry |
| 22:19 | Build | Monastery |
| 22:20 | Queue | Villager (Male) |
| 22:20 | Queue | Villager (Male) |
| 22:27 | Queue | Villager (Male) |
| 22:49 | Queue | Villager (Male) |
| 22:50 | Research | Wheelbarrow |
| 23:22 | Research | Chain Barding Armor |
| 23:26 | Queue | Monk |
| 23:32 | Queue | Villager (Male) |
| 23:32 | Queue | Villager (Male) |
| 24:15 | Queue | Villager (Male) |
| 24:15 | Queue | Villager (Male) |
| 24:55 | Queue | Knight |
| 24:56 | Queue | Knight |
| 24:56 | Queue | Knight |
| 25:06 | Queue | Knight |
| 25:06 | Queue | Knight |
| 25:06 | Queue | Knight |
| 25:07 | Queue | Knight |
| 25:39 | Queue | Villager (Male) |
| 25:40 | Queue | Villager (Male) |
| 25:42 | Research | Bow Saw |
| 25:45 | Research | Heavy Plow |
| 25:49 | Build | Farm |
| 25:50 | Build | Farm |
| 25:52 | Build | Farm |
| 25:57 | Build | Town Center |
| 25:58 | Queue | Villager (Male) |
| 25:59 | Queue | Villager (Male) |
| 26:05 | Research | Gold Mining |
| 26:16 | Build | Mill |
| 26:17 | Build | Farm |
| 26:19 | Build | Farm |
| 26:19 | Build | Farm |
| 26:19 | Build | Farm |
| 26:20 | Build | Farm |
| 26:24 | Build | Farm |
| 26:26 | Queue | Villager (Male) |
| 26:27 | Queue | Villager (Male) |
Build order — LMG_HERA DE TEMU
First 150 of 451 actions detected
| 0:02 | Queue | Villager (Male) |
| 0:02 | Queue | Villager (Male) |
| 0:03 | Queue | Villager (Male) |
| 0:03 | Queue | Villager (Male) |
| 0:03 | Queue | Villager (Male) |
| 0:04 | Build | House |
| 0:06 | Build | House |
| 1:19 | Queue | Villager (Male) |
| 1:20 | Queue | Villager (Male) |
| 1:53 | Build | Lumber Camp |
| 1:57 | Queue | Villager (Male) |
| 1:57 | Queue | Villager (Male) |
| 2:16 | Queue | Villager (Male) |
| 2:16 | Queue | Villager (Male) |
| 2:37 | Queue | Villager (Male) |
| 2:37 | Queue | Villager (Male) |
| 2:38 | Queue | Villager (Male) |
| 3:35 | Research | Loom |
| 3:35 | Research | Loom |
| 3:41 | Queue | Villager (Male) |
| 3:41 | Queue | Villager (Male) |
| 3:41 | Queue | Villager (Male) |
| 3:55 | Queue | Villager (Male) |
| 3:56 | Queue | Villager (Male) |
| 3:56 | Queue | Villager (Male) |
| 4:09 | Build | House |
| 4:10 | Build | House |
| 4:32 | Build | Mill |
| 4:43 | Queue | Villager (Male) |
| 4:43 | Queue | Villager (Male) |
| 5:27 | Queue | Villager (Male) |
| 5:27 | Queue | Villager (Male) |
| 5:51 | Queue | Villager (Male) |
| 5:52 | Queue | Villager (Male) |
| 6:13 | Build | Mining Camp |
| 7:22 | Queue | Villager (Male) |
| 7:51 | Research | Feudal Age |
| 7:52 | Research | Feudal Age |
| 8:27 | Build | Barracks |
| 8:46 | Build | House |
| 8:50 | Build | Palisade Wall |
| 8:57 | Queue | Villager (Male) |
| 8:58 | Queue | Villager (Male) |
| 9:42 | Build | Palisade Wall |
| 9:51 | Build | House |
| 10:01 | Age | Feudal Age |
| 10:04 | Build | Archery Range |
| 10:20 | Research | Double-Bit Axe |
| 10:36 | Build | Palisade Gate |
| 10:48 | Queue | Villager (Male) |
| 10:48 | Queue | Villager (Male) |
| 10:52 | Build | Palisade Wall |
| 10:57 | Queue | Archer |
| 10:57 | Queue | Archer |
| 10:57 | Queue | Archer |
| 10:57 | Queue | Archer |
| 11:15 | Build | House |
| 11:21 | Build | Palisade Wall |
| 11:25 | Queue | Villager (Male) |
| 11:25 | Queue | Villager (Male) |
| 11:37 | Build | House |
| 11:43 | Queue | Villager (Male) |
| 11:43 | Queue | Villager (Male) |
| 11:46 | Build | Farm |
| 11:47 | Build | Farm |
| 11:48 | Build | Farm |
| 11:51 | Queue | Archer |
| 11:51 | Queue | Archer |
| 11:57 | Build | House |
| 12:36 | Queue | Villager (Male) |
| 12:37 | Queue | Villager (Male) |
| 12:44 | Build | Farm |
| 12:45 | Build | Farm |
| 12:49 | Queue | Archer |
| 12:49 | Queue | Archer |
| 13:29 | Build | Blacksmith |
| 13:31 | Queue | Villager (Male) |
| 13:32 | Queue | Villager (Male) |
| 13:32 | Queue | Villager (Male) |
| 13:37 | Build | Farm |
| 13:38 | Build | Farm |
| 14:16 | Queue | Archer |
| 14:16 | Queue | Archer |
| 14:17 | Queue | Archer |
| 14:17 | Queue | Archer |
| 14:19 | Build | Farm |
| 14:20 | Build | Farm |
| 14:25 | Build | House |
| 14:54 | Queue | Archer |
| 14:54 | Queue | Archer |
| 15:00 | Build | Palisade Gate |
| 15:03 | Build | Palisade Wall |
| 15:07 | Queue | Villager (Male) |
| 15:07 | Queue | Villager (Male) |
| 15:07 | Queue | Villager (Male) |
| 15:22 | Build | Farm |
| 15:42 | Queue | Archer |
| 15:42 | Queue | Archer |
| 15:46 | Build | Farm |
| 15:47 | Build | Farm |
| 15:48 | Build | Farm |
| 15:54 | Queue | Villager (Male) |
| 15:54 | Queue | Villager (Male) |
| 16:13 | Queue | Archer |
| 16:13 | Queue | Archer |
| 16:24 | Build | Farm |
| 16:35 | Build | Farm |
| 16:36 | Build | Farm |
| 16:57 | Build | Archery Range |
| 17:20 | Build | House |
| 17:49 | Queue | Villager (Male) |
| 18:11 | Research | Castle Age |
| 18:11 | Research | Castle Age |
| 18:23 | Research | Gold Mining |
| 18:31 | Build | Archery Range |
| 18:53 | Queue | Archer |
| 18:53 | Queue | Archer |
| 18:53 | Queue | Archer |
| 19:22 | Research | Fletching |
| 19:25 | Queue | Archer |
| 19:26 | Queue | Archer |
| 19:26 | Queue | Archer |
| 20:00 | Queue | Archer |
| 20:01 | Queue | Archer |
| 20:01 | Queue | Archer |
| 20:01 | Queue | Archer |
| 20:01 | Queue | Archer |
| 20:05 | Research | Padded Archer Armor |
| 20:08 | Queue | Villager (Male) |
| 20:08 | Queue | Villager (Male) |
| 20:08 | Queue | Villager (Male) |
| 20:09 | Queue | Villager (Male) |
| 20:29 | Build | House |
| 20:30 | Build | House |
| 20:32 | Build | House |
| 20:35 | Build | House |
| 20:40 | Research | Horse Collar |
| 20:54 | Age | Castle Age |
| 20:57 | Research | Crossbowman (upgrade) |
| 21:21 | Build | Watch Tower |
| 21:29 | Build | Gate |
| 21:31 | Build | Stone Wall |
| 21:41 | Research | Bodkin Arrow |
| 22:05 | Queue | Archer |
| 22:05 | Queue | Archer |
| 22:05 | Queue | Archer |
| 22:06 | Queue | Archer |
| 22:49 | Queue | Archer |
| 22:49 | Queue | Archer |
| 22:50 | Queue | Archer |
Build order — Quando
First 150 of 475 actions detected
| 0:00 | Queue | Villager (Male) |
| 0:01 | Queue | Villager (Male) |
| 0:01 | Queue | Villager (Male) |
| 0:02 | Build | House |
| 0:03 | Build | House |
| 0:24 | Queue | Villager (Male) |
| 1:25 | Queue | Villager (Male) |
| 1:46 | Build | Lumber Camp |
| 1:59 | Queue | Villager (Male) |
| 2:19 | Queue | Villager (Male) |
| 3:03 | Queue | Villager (Male) |
| 3:31 | Queue | Villager (Male) |
| 3:31 | Queue | Villager (Male) |
| 3:37 | Build | House |
| 3:44 | Queue | Villager (Male) |
| 4:05 | Queue | Villager (Male) |
| 4:32 | Queue | Villager (Male) |
| 4:39 | Queue | Villager (Male) |
| 5:41 | Build | Barracks |
| 5:50 | Queue | Villager (Male) |
| 5:53 | Research | Loom |
| 6:13 | Build | House |
| 6:48 | Research | Feudal Age |
| 6:48 | Research | Feudal Age |
| 7:10 | Build | House |
| 7:23 | Queue | Militia |
| 7:23 | Queue | Militia |
| 7:32 | Build | Mining Camp |
| 7:46 | Build | Palisade Wall |
| 7:47 | Build | Palisade Wall |
| 7:48 | Build | Palisade Wall |
| 7:58 | Queue | Militia |
| 8:15 | Build | House |
| 8:23 | Build | Palisade Wall |
| 8:33 | Queue | Villager (Male) |
| 8:50 | Build | Palisade Wall |
| 9:01 | Age | Feudal Age |
| 9:02 | Research | Man-at-Arms (upgrade) |
| 9:02 | Research | Man-at-Arms (upgrade) |
| 9:05 | Build | Archery Range |
| 9:06 | Build | Palisade Wall |
| 9:07 | Build | Palisade Wall |
| 9:08 | Build | Palisade Wall |
| 9:08 | Build | Palisade Wall |
| 9:24 | Queue | Villager (Male) |
| 9:34 | Build | Mill |
| 10:04 | Queue | Villager (Male) |
| 10:23 | Queue | Villager (Male) |
| 10:24 | Queue | Archer |
| 10:36 | Queue | Villager (Male) |
| 10:43 | Queue | Villager (Male) |
| 10:47 | Build | Farm |
| 11:11 | Queue | Skirmisher |
| 11:14 | Build | Farm |
| 11:16 | Build | Farm |
| 11:18 | Build | House |
| 11:41 | Queue | Villager (Male) |
| 11:44 | Build | Farm |
| 11:45 | Queue | Archer |
| 11:52 | Build | Palisade Wall |
| 12:09 | Queue | Villager (Male) |
| 12:14 | Build | House |
| 12:16 | Build | Palisade Wall |
| 12:30 | Queue | Villager (Male) |
| 12:31 | Queue | Archer |
| 12:38 | Queue | Spearman |
| 12:49 | Queue | Villager (Male) |
| 13:01 | Queue | Archer |
| 13:02 | Queue | Villager (Male) |
| 13:07 | Build | House |
| 13:09 | Build | Palisade Wall |
| 13:10 | Queue | Villager (Male) |
| 13:38 | Queue | Villager (Male) |
| 13:47 | Build | Farm |
| 13:53 | Queue | Skirmisher |
| 14:00 | Queue | Skirmisher |
| 14:06 | Build | House |
| 14:07 | Build | Palisade Wall |
| 14:13 | Queue | Villager (Male) |
| 14:14 | Build | Farm |
| 14:23 | Queue | Archer |
| 14:41 | Build | Blacksmith |
| 14:50 | Queue | Archer |
| 14:50 | Queue | Villager (Male) |
| 14:53 | Build | Farm |
| 15:12 | Queue | Villager (Male) |
| 15:16 | Build | Farm |
| 15:25 | Research | Double-Bit Axe |
| 15:31 | Queue | Villager (Male) |
| 15:33 | Research | Fletching |
| 15:38 | Build | House |
| 15:59 | Queue | Archer |
| 16:20 | Queue | Villager (Male) |
| 16:28 | Build | Farm |
| 16:33 | Build | Archery Range |
| 16:53 | Queue | Villager (Male) |
| 17:03 | Queue | Villager (Male) |
| 17:06 | Build | Farm |
| 17:06 | Build | Farm |
| 17:07 | Build | Farm |
| 17:14 | Queue | Archer |
| 17:37 | Build | Farm |
| 17:39 | Queue | Archer |
| 17:43 | Build | Farm |
| 17:44 | Queue | Villager (Male) |
| 17:47 | Queue | Archer |
| 17:47 | Queue | Archer |
| 18:08 | Queue | Villager (Male) |
| 18:14 | Build | Farm |
| 18:24 | Queue | Villager (Male) |
| 18:31 | Queue | Archer |
| 18:32 | Queue | Archer |
| 18:49 | Build | Market |
| 18:53 | Build | House |
| 18:54 | Build | Palisade Wall |
| 19:01 | Build | Farm |
| 19:09 | Research | Castle Age |
| 19:26 | Build | House |
| 19:28 | Build | House |
| 19:40 | Queue | Archer |
| 19:40 | Queue | Archer |
| 19:56 | Build | Palisade Wall |
| 20:18 | Build | Palisade Wall |
| 20:26 | Queue | Archer |
| 20:26 | Queue | Archer |
| 20:30 | Build | House |
| 20:30 | Build | Palisade Wall |
| 20:35 | Queue | Archer |
| 20:35 | Queue | Archer |
| 20:49 | Build | House |
| 20:55 | Queue | Villager (Male) |
| 21:14 | Queue | Archer |
| 21:14 | Queue | Archer |
| 21:26 | Build | Palisade Wall |
| 21:27 | Build | Palisade Wall |
| 21:28 | Build | Palisade Wall |
| 21:37 | Build | Palisade Wall |
| 21:49 | Age | Castle Age |
| 21:51 | Research | Crossbowman (upgrade) |
| 21:53 | Research | Bodkin Arrow |
| 22:05 | Queue | Villager (Male) |
| 22:05 | Queue | Villager (Male) |
| 22:12 | Build | Lumber Camp |
| 22:14 | Queue | Archer |
| 22:14 | Queue | Archer |
| 22:28 | Build | Palisade Wall |
| 22:31 | Queue | Archer |
| 22:31 | Queue | Archer |
| 23:19 | Queue | Villager (Male) |
| 23:21 | Queue | Archer |
Build order — LMG_SON SABANDIJAS
First 150 of 309 actions detected
| 0:02 | Build | House |
| 0:03 | Queue | Villager (Male) |
| 0:03 | Queue | Villager (Male) |
| 0:04 | Build | House |
| 0:05 | Queue | Villager (Male) |
| 0:14 | Queue | Villager (Male) |
| 0:14 | Queue | Villager (Male) |
| 1:25 | Queue | Villager (Male) |
| 1:25 | Queue | Villager (Male) |
| 1:47 | Queue | Villager (Male) |
| 1:47 | Queue | Villager (Male) |
| 1:51 | Build | Lumber Camp |
| 2:10 | Queue | Villager (Male) |
| 2:11 | Queue | Villager (Male) |
| 2:52 | Queue | Villager (Male) |
| 2:53 | Queue | Villager (Male) |
| 3:09 | Build | House |
| 3:14 | Queue | Villager (Male) |
| 3:15 | Queue | Villager (Male) |
| 3:39 | Queue | Villager (Male) |
| 3:40 | Queue | Villager (Male) |
| 4:10 | Queue | Villager (Male) |
| 4:10 | Queue | Villager (Male) |
| 4:22 | Queue | Villager (Male) |
| 4:22 | Queue | Villager (Male) |
| 4:36 | Queue | Villager (Male) |
| 4:37 | Queue | Villager (Male) |
| 4:48 | Build | Mining Camp |
| 5:02 | Queue | Villager (Male) |
| 5:02 | Queue | Villager (Male) |
| 6:30 | Research | Loom |
| 7:05 | Research | Feudal Age |
| 7:49 | Build | House |
| 7:50 | Build | Barracks |
| 9:18 | Age | Feudal Age |
| 9:22 | Build | Archery Range |
| 9:42 | Build | House |
| 9:44 | Build | House |
| 9:46 | Build | House |
| 9:48 | Build | House |
| 9:55 | Build | House |
| 9:57 | Build | House |
| 9:59 | Build | House |
| 10:05 | Queue | Archer |
| 10:06 | Queue | Archer |
| 10:06 | Queue | Archer |
| 10:31 | Queue | Archer |
| 10:45 | Queue | Villager (Male) |
| 11:01 | Queue | Archer |
| 11:13 | Queue | Villager (Male) |
| 11:43 | Queue | Villager (Male) |
| 11:45 | Queue | Archer |
| 11:46 | Queue | Archer |
| 12:19 | Build | Watch Tower |
| 13:01 | Queue | Skirmisher |
| 13:04 | Queue | Villager (Male) |
| 13:05 | Build | Outpost |
| 13:08 | Build | Mill |
| 13:25 | Build | Palisade Wall |
| 13:28 | Build | Palisade Wall |
| 13:29 | Build | Palisade Wall |
| 14:02 | Queue | Archer |
| 14:02 | Queue | Archer |
| 14:06 | Queue | Villager (Male) |
| 14:09 | Queue | Villager (Male) |
| 14:09 | Queue | Villager (Male) |
| 14:15 | Queue | Archer |
| 14:15 | Queue | Archer |
| 14:33 | Queue | Villager (Male) |
| 14:35 | Build | Farm |
| 14:36 | Queue | Villager (Male) |
| 14:36 | Queue | Villager (Male) |
| 14:50 | Queue | Archer |
| 14:50 | Queue | Archer |
| 14:59 | Build | House |
| 15:03 | Build | Farm |
| 15:05 | Queue | Villager (Male) |
| 15:05 | Queue | Villager (Male) |
| 15:08 | Queue | Archer |
| 15:08 | Queue | Archer |
| 15:25 | Build | Blacksmith |
| 15:28 | Queue | Villager (Male) |
| 15:28 | Queue | Villager (Male) |
| 15:37 | Build | House |
| 15:39 | Build | Palisade Wall |
| 15:40 | Build | Palisade Wall |
| 15:41 | Build | Palisade Wall |
| 15:47 | Queue | Archer |
| 16:07 | Queue | Villager (Male) |
| 16:08 | Queue | Villager (Male) |
| 16:17 | Research | Fletching |
| 16:23 | Build | Farm |
| 17:20 | Queue | Archer |
| 17:21 | Queue | Archer |
| 17:21 | Queue | Archer |
| 17:29 | Queue | Villager (Male) |
| 17:29 | Queue | Villager (Male) |
| 17:29 | Queue | Villager (Male) |
| 17:38 | Build | House |
| 17:41 | Build | Palisade Wall |
| 17:42 | Queue | Villager (Male) |
| 17:43 | Queue | Villager (Male) |
| 17:46 | Build | Farm |
| 17:46 | Build | Farm |
| 17:46 | Build | Farm |
| 17:47 | Queue | Villager (Male) |
| 17:47 | Queue | Villager (Male) |
| 18:01 | Build | House |
| 18:03 | Build | House |
| 18:06 | Build | Palisade Wall |
| 18:27 | Build | Lumber Camp |
| 18:39 | Build | Palisade Wall |
| 18:48 | Build | Palisade Wall |
| 18:50 | Build | Palisade Wall |
| 18:52 | Queue | Villager (Male) |
| 18:57 | Build | Farm |
| 18:58 | Queue | Villager (Male) |
| 19:03 | Queue | Villager (Male) |
| 19:13 | Queue | Archer |
| 19:13 | Queue | Archer |
| 19:13 | Queue | Archer |
| 19:40 | Queue | Archer |
| 19:40 | Queue | Archer |
| 19:43 | Queue | Villager (Male) |
| 19:43 | Queue | Villager (Male) |
| 19:51 | Research | Double-Bit Axe |
| 19:52 | Research | Horse Collar |
| 20:18 | Queue | Archer |
| 20:18 | Queue | Archer |
| 20:28 | Queue | Archer |
| 20:38 | Queue | Archer |
| 20:39 | Queue | Archer |
| 20:57 | Queue | Archer |
| 20:58 | Queue | Archer |
| 21:20 | Queue | Villager (Male) |
| 21:21 | Queue | Villager (Male) |
| 21:21 | Queue | Villager (Male) |
| 21:22 | Build | Farm |
| 21:23 | Build | Farm |
| 21:23 | Build | Farm |
| 21:23 | Build | Farm |
| 21:24 | Queue | Villager (Male) |
| 21:24 | Queue | Villager (Male) |
| 21:40 | Build | House |
| 21:42 | Build | House |
| 21:43 | Build | Palisade Wall |
| 22:32 | Build | Market |
| 23:00 | Build | Farm |
| 23:02 | Build | Farm |
| 23:10 | Queue | Villager (Male) |
Match timeline
| 4:49 | Relief · wall_segment Palisade Wall x5 |
| 5:41 | Quando · first_building Barracks |
| 5:44 | Relief · wall_segment Palisade Wall x8 |
| 6:50 | LMG_Leonardo · first_building Barracks |
| 7:31 | PJtheDcoy · wall_segment Palisade Wall x4 |
| 7:46 | Quando · wall_segment Palisade Wall x1 |
| 7:47 | Quando · wall_segment Palisade Wall x1 |
| 7:48 | Quando · wall_segment Palisade Wall x1 |
| 7:50 | LMG_SON SABANDIJAS · first_building Barracks |
| 8:23 | Quando · wall_segment Palisade Wall x1 |
| 8:27 | LMG_HERA DE TEMU · first_building Barracks |
| 8:34 | LMG_Leonardo · age_up feudal |
| 8:38 | LMG_Leonardo · first_building Stable |
| 8:50 | LMG_HERA DE TEMU · wall_segment Palisade Wall x3 |
| 8:50 | Quando · wall_segment Palisade Wall x1 |
| 8:52 | PJtheDcoy · wall_segment Palisade Wall x5 |
| 8:54 | PJtheDcoy · wall_segment Palisade Wall x4 |
| 9:00 | Relief · wall_segment Palisade Wall x16 |
| 9:01 | Quando · age_up feudal |
| 9:04 | PJtheDcoy · first_building Barracks |
| 9:05 | Quando · first_building Archery Range |
| 9:06 | LMG_Leonardo · wall_segment Palisade Wall x1 |
| 9:06 | Quando · wall_segment Palisade Wall x1 |
| 9:07 | Quando · wall_segment Palisade Wall x1 |
| 9:08 | Quando · wall_segment Palisade Wall x1 |
| 9:08 | Quando · wall_segment Palisade Wall x1 |
| 9:18 | LMG_SON SABANDIJAS · age_up feudal |
| 9:22 | LMG_SON SABANDIJAS · first_building Archery Range |
| 9:39 | LMG_Leonardo · wall_segment Palisade Wall x14 |
| 9:42 | LMG_HERA DE TEMU · wall_segment Palisade Wall x4 |
| 9:58 | LMG_Leonardo · wall_segment Palisade Wall x8 |
| 10:00 | LMG_Leonardo · wall_segment Palisade Wall x11 |
| 10:01 | LMG_HERA DE TEMU · age_up feudal |
| 10:04 | LMG_HERA DE TEMU · first_building Archery Range |
| 10:06 | LMG_Leonardo · wall_segment Palisade Wall x9 |
| 10:12 | Relief · first_building Barracks |
| 10:15 | LMG_Leonardo · wall_segment Palisade Wall x7 |
| 10:15 | PJtheDcoy · age_up feudal |
| 10:17 | LMG_Leonardo · wall_segment Palisade Wall x5 |
| 10:23 | Relief · wall_segment Palisade Wall x1 |
| 10:24 | Relief · wall_segment Palisade Wall x1 |
| 10:27 | PJtheDcoy · first_building Archery Range |
| 10:42 | PJtheDcoy · wall_segment Palisade Wall x1 |
| 10:52 | LMG_HERA DE TEMU · wall_segment Palisade Wall x5 |
| 11:06 | PJtheDcoy · wall_segment Palisade Wall x8 |
| 11:21 | LMG_HERA DE TEMU · wall_segment Palisade Wall x12 |
| 11:23 | PJtheDcoy · wall_segment Palisade Wall x1 |
| 11:31 | Relief · wall_segment Palisade Wall x10 |
| 11:45 | PJtheDcoy · wall_segment Palisade Wall x11 |
| 11:52 | Quando · wall_segment Palisade Wall x2 |
| 12:16 | Quando · wall_segment Palisade Wall x8 |
| 12:44 | Relief · age_up feudal |
| 12:47 | Relief · first_building Stable |
| 13:09 | Quando · wall_segment Palisade Wall x6 |
| 13:15 | Relief · wall_segment Palisade Wall x4 |
| 13:25 | LMG_SON SABANDIJAS · wall_segment Palisade Wall x1 |
| 13:28 | LMG_SON SABANDIJAS · wall_segment Palisade Wall x1 |
| 13:29 | LMG_SON SABANDIJAS · wall_segment Palisade Wall x1 |
| 14:07 | Quando · wall_segment Palisade Wall x8 |
| 15:03 | LMG_HERA DE TEMU · wall_segment Palisade Wall x1 |
| 15:39 | LMG_SON SABANDIJAS · wall_segment Palisade Wall x1 |
| 15:40 | LMG_SON SABANDIJAS · wall_segment Palisade Wall x1 |
| 15:41 | LMG_SON SABANDIJAS · wall_segment Palisade Wall x9 |
| 16:21 | Relief · age_up castle |
| 17:41 | LMG_SON SABANDIJAS · wall_segment Palisade Wall x5 |
| 18:06 | LMG_SON SABANDIJAS · wall_segment Palisade Wall x1 |
| 18:39 | LMG_SON SABANDIJAS · wall_segment Palisade Wall x10 |
| 18:48 | LMG_SON SABANDIJAS · wall_segment Palisade Wall x16 |
| 18:50 | LMG_SON SABANDIJAS · wall_segment Palisade Wall x13 |
| 18:54 | Quando · wall_segment Palisade Wall x1 |
| 19:06 | LMG_Leonardo · age_up castle |
| 19:56 | Quando · wall_segment Palisade Wall x1 |
| 20:18 | Quando · wall_segment Palisade Wall x1 |
| 20:30 | Quando · wall_segment Palisade Wall x1 |
| 20:54 | LMG_HERA DE TEMU · age_up castle |
| 21:26 | Quando · wall_segment Palisade Wall x1 |
| 21:27 | Quando · wall_segment Palisade Wall x1 |
| 21:28 | Quando · wall_segment Palisade Wall x1 |
| 21:31 | LMG_HERA DE TEMU · wall_segment Stone Wall x1 |
| 21:37 | Quando · wall_segment Palisade Wall x1 |
| 21:37 | LMG_Leonardo · first_building Siege Workshop |
| 21:43 | LMG_SON SABANDIJAS · wall_segment Palisade Wall x1 |
| 21:49 | Quando · age_up castle |
| 22:08 | Quando · first_market_sell 100 food |
| 22:09 | Quando · first_market_buy 100 wood |
| 22:19 | Relief · first_building Monastery |
| 22:28 | Quando · wall_segment Palisade Wall x1 |
| 22:56 | PJtheDcoy · age_up castle |
| 23:24 | PJtheDcoy · wall_segment Palisade Wall x7 |
| 23:37 | LMG_SON SABANDIJAS · first_market_buy 100 food |
| 23:40 | LMG_SON SABANDIJAS · first_market_sell 100 wood |
| 23:57 | Quando · wall_segment Palisade Wall x1 |
| 23:57 | Quando · wall_segment Palisade Wall x1 |
| 23:59 | Quando · wall_segment Palisade Wall x1 |
| 24:44 | PJtheDcoy · wall_segment Palisade Wall x1 |
| 25:42 | LMG_HERA DE TEMU · first_market_buy 100 stone |
| 26:30 | LMG_SON SABANDIJAS · age_up castle |
| 26:52 | LMG_HERA DE TEMU · wall_segment Stone Wall x1 |
| 28:36 | Quando · first_building Siege Workshop |
| 29:05 | Quando · wall_segment Palisade Wall x1 |
| 29:15 | LMG_SON SABANDIJAS · wall_segment Palisade Wall x1 |
| 29:33 | LMG_SON SABANDIJAS · first_building Siege Workshop |
| 29:57 | LMG_HERA DE TEMU · first_building Siege Workshop |
| 31:28 | Relief · first_building Castle |
| 31:35 | LMG_HERA DE TEMU · first_building Monastery |
| 31:53 | Quando · wall_segment Palisade Wall x1 |
| 32:57 | LMG_Leonardo · wall_segment Palisade Wall x3 |
| 32:58 | LMG_Leonardo · wall_segment Palisade Wall x2 |
| 33:21 | PJtheDcoy · first_building Siege Workshop |
| 33:51 | LMG_SON SABANDIJAS · first_building Castle |
| 34:47 | LMG_Leonardo · wall_segment Palisade Wall x1 |
| 34:51 | LMG_Leonardo · wall_segment Palisade Wall x6 |
| 35:00 | LMG_Leonardo · first_market_sell 100 stone |
| 35:11 | Quando · first_building Monastery |
| 35:41 | LMG_Leonardo · first_building Monastery |
| 36:13 | Quando · first_building Castle |
| 37:16 | LMG_SON SABANDIJAS · first_building Monastery |
| 37:45 | Relief · age_up imperial |
| 37:47 | LMG_SON SABANDIJAS · wall_segment Stone Wall x9 |
| 37:58 | LMG_SON SABANDIJAS · wall_segment Stone Wall x10 |
| 38:02 | Quando · age_up imperial |
| 39:22 | PJtheDcoy · wall_segment Stone Wall x11 |
| 39:39 | LMG_Leonardo · age_up imperial |
| 39:54 | PJtheDcoy · first_building Castle |
| 39:58 | LMG_HERA DE TEMU · age_up imperial |
| 40:39 | LMG_Leonardo · first_building Castle |
| 40:52 | PJtheDcoy · age_up imperial |
| 41:02 | LMG_HERA DE TEMU · first_market_sell 100 wood |
| 41:11 | Relief · wall_segment Stone Wall x9 |
| 41:32 | LMG_Leonardo · wall_segment Stone Wall x8 |
| 41:36 | LMG_Leonardo · wall_segment Stone Wall x10 |
| 41:58 | LMG_HERA DE TEMU · first_building Castle |
| 42:10 | PJtheDcoy · wall_segment Stone Wall x7 |
| 43:20 | Relief · first_market_sell 500 food |
| 45:25 | LMG_Leonardo · wall_segment Stone Wall x7 |
| 47:40 | LMG_SON SABANDIJAS · resign |
[ AI ANALYSIS · 1 CREDIT ]
What really happened in this match?
Wolo.gg analyzes every decision: build order, eco, micro, common mistakes by bracket. Personalized analysis on WhatsApp or Discord in 30 seconds.
Civ guide
Ethiopians
Perfil
Jugador #1083245